 Dungeon Crawl Stone Soup version 0.31-a0-986-g5e6e4ef867 (webtiles) character file.

Game seed: 6035306966211928732

37 Dittersdorf the Trooper (level 3, -2/29 HPs)
             Began as a Human Fighter on Nov 7, 2023.
             Slain by a gnoll
             ... wielding a +0 club
              (5 damage)
             ... on level 1 of the Dungeon.
             The game lasted 00:00:55 (897 turns).

Dittersdorf the Trooper (Human Fighter)              Turns: 897, Time: 00:00:55

Health: -2/29      AC:  6    Str: 18    XL:     3   Next: 62%
Magic:  3/3        EV:  9    Int:  8    God:
Gold:   37         SH:  4    Dex: 12    Spells: 2/2 levels left

rFire   . . .        a - +0 long sword
rCold   . . .        c - +0 buckler
rNeg    . . .        b - +0 scale mail
rPois   .            (no helmet)
rElec   .            (no cloak)
rCorr   .            (no gloves)
SInv    .            (no boots)
Will    .....        (no amulet) Stlth
                     (no ring)
HPRegen 0.24/turn    (no ring)
MPRegen 0.08/turn

%: no passive effects
@: no status effects
A: no striking features
a: no special abilities


You were on level 1 of the Dungeon.
You visited 1 branch of the dungeon, and saw 2 of its levels.

You collected 37 gold pieces.

Inventory:

Hand Weapons
 a - a +0 long sword (weapon)
Armour
 b - a +0 scale mail (worn)
 c - a +0 buckler (worn)
Scrolls
 e - a scroll of vulnerability {unknown}
Potions
 d - a potion of might
 f - a potion of enlightenment {unknown}
 g - a potion of curing {unknown}
 h - a potion of attraction {unknown}


   Skills:
 + Level 3.4 Fighting
 + Level 2.5 Long Blades
 + Level 3.3 Armour
 + Level 3.3 Shields


You had 2 spell levels left.
You didn't know any spells.
Your spell library was empty.

Dungeon Overview and Level Annotations

Branches:
Dungeon (2/15)

Altars:


Message History

The gnoll attacks as it pursues you!
The gnoll hits you from afar with a +0 halberd.
There is a stone staircase leading up here.
The gnoll barely misses you.
You hit the gnoll but do no damage. You block the gnoll's attack.
You slash the gnoll!
The gnoll is heavily wounded.
You block the gnoll's attack. x2
You barely miss the gnoll.
The gnoll is heavily wounded.
The gnoll hits you from afar with a +0 spear.
The gnoll hits you with a +0 halberd.
You barely miss the gnoll.
The gnoll is heavily wounded.
The gnoll hits you from afar with a +0 spear.
You block the gnoll's attack.
The gnoll hits you from afar with a +0 spear.
You hit the gnoll.
The gnoll is almost dead.
The gnoll hits you but does no damage. You block the gnoll's attack.
The gnoll hits you with a +0 halberd.
You hit the gnoll.
You kill the gnoll!
The gnoll hits you from afar with a +0 spear.
There is a stone staircase leading up here.
The gnoll hits you with a +0 club. The gnoll barely misses you.
You climb upwards.
There is a stone staircase leading down here.
You hit the gnoll but do no damage. You block the gnoll's attack.
The gnoll hits you with a +0 club!
* * * LOW HITPOINT WARNING * * *
You barely miss the gnoll. You block the gnoll's attack.
You hit the gnoll.
The gnoll is lightly wounded.
The gnoll hits you with a +0 club.
* * * LOW HITPOINT WARNING * * *
You hit the gnoll.
The gnoll is heavily wounded.
The gnoll hits you with a +0 club.
You die...

#.....# ##....####
#.....## #..####
####...# #.##
###.###.# #.##(.#
#.##.## #####
#.##.# #.†.#
#....#######)#.#
##.@g........#.####
#############....#
#.......#.#
#.####.##†#
#.#.....#.#
#.#.....#.#
#.#....##.#
#.#.....#.#
#.#...#.#.#


You could see a gnoll.

Vanquished Creatures
  A gnoll (D:2)
  3 endoplasms (D:1)
  4 goblins (D:1)
  5 kobolds (D:1)
  A quokka (D:1)
  2 ball pythons (D:1)
  4 bats (D:1)
  4 frilled lizards (D:1)
  5 rats (D:1)
29 creatures vanquished.

Notes
Turn   | Place    | Note
-------+----------+-------------------------------------------
     0 | D:1      | Dittersdorf the Human Fighter began the quest for the Orb.
     0 | D:1      | Reached XP level 1. HP: 18/18 MP: 1/1
   118 | D:1      | Reached XP level 2. HP: 15/24 MP: 2/2
   427 | D:1      | Reached XP level 3. HP: 29/29 MP: 3/3
   897 | D:1      | Slain by a gnoll

Illustrated notes

Levels and vault maps discovered:
D:1:      psy_arrival_whirlpool, layout_basic
D:2:      layout_basic, minmay_tetromino_t2

Action                     || total
---------------------------++-------
  Melee: Long sword        ||   111
 Armour: Scale mail        ||    78
  Dodge: Dodged            ||    58
  Block: Buckler           ||    33

Table legend: (Time is in decaauts)
 A = Elapsed time spent in this place.
 B = Non-inter-level travel time spent in this place.
 C = Inter-level travel time spent in this place.
 D = Time resting spent in this place.
 E = Time spent auto-exploring this place.
 F = Levels seen in this place.
 G = Mean time per level.
                   A        B        C        D        E       F      G
               +--------+--------+--------+--------+--------+-----+--------+
         Total |    934 |    906 |     28 |      0 |    653 |   2 |  467.0 |
       Dungeon |    934 |    906 |     28 |      0 |    653 |   2 |  467.0 |
               +--------+--------+--------+--------+--------+-----+--------+

Top non-repeatable levels by time:
     D:1: 867 daAuts
     D:2: 66 daAuts
